AoeStats
← Simon Stokvis

Nomad

509144328Analyzed
4v4 RM · 5d ago on Sep 25, 2026· 18m 29s· 8 players
Game mode
Random Map
Map size
231×231
Population
200
Speed
Normal
Resources
Standard
Victory
Conquest
Starting age
Dark Age
Ending age
Imperial Age
RankedLock teamsTeams togetherTeam positionsShared explorationLock speedFull tech treeHidden civsTurbo modeCheats
Victory
Defeat
🇧🇷 Koreans · Brazil
1680
+12
🇧🇷 Persians · Brazil
1586
+16
🇩🇪 Saxons · Germany
1497
+19
🇧🇷 Dravidians · Brazil
1492
+19
🇳🇱 Malay · Netherlands
1613
-18
🇦🇷 Mongols · Argentina
1595
-17
🇧🇷 Koreans · Brazil
1573
-16
🇦🇷 Varangians · Argentina
1541
-15
Fs.Carniça
12:12 Feudal Age
12:17 Loom
13:04 Double-Bit Axe
14:24 Fletching
16:17 Horse Collar
20:23 Castle Age
18:54 Gold Mining
Floripa
6:54 Loom
19:21 Feudal Age
Oni.Nego
4:15 Loom
4:33 Loom
13:42 Feudal Age
17:43 Castle Age
15:37 Double-Bit Axe
16:15 Fletching
17:50 Gold Mining
17:46 Fishing Lines
18:50 Medium Warships
18:53 Forging
Fs.zanatta
5:04 Loom
12:31 Feudal Age
14:10 Double-Bit Axe
14:40 Town Watch
16:11 Fletching
20:13 Castle Age
Simon Stokvis
2:55 Loom
18:42 Feudal Age
Sorrateiro
4:47 Loom
13:06 Feudal Age
13:51 Double-Bit Axe
14:04 Town Watch
16:44 Castle Age
15:11 Gold Mining
17:55 Medium Warships
_29_3ffect_Arg
3:55 Loom
13:52 Feudal Age
17:30 Castle Age
17:36 Double-Bit Axe
18:00 Stone Mining
Nos'
5:07 Loom
13:29 Feudal Age
17:24 Castle Age
18:32 Medium Warships
18:15 Double-Bit Axe
Connection lost

Rejoining the realm…

Still unreachable

The connection could not be restored.

Session expired

The server has moved on; the page needs a fresh start.